[Event "45th FIDE Olympiad 2024"]
[Site "Budapest"]
[Date "2024.09.11"]
[Round "1.210"]
[White "Flores Quillas, Diego Saul Rodri"]
[Black "Kibrom, Weldegebriel Beraki"]
[Result "1-0"]
[ECO "B07"]
[WhiteElo "2451"]
[BlackElo "1885"]
[Annotator "TA"]
[PlyCount "91"]
[EventDate "2024.09.05"]
[EventType "team-tourn"]
[EventCountry "HUN"]
[SourceTitle "playchess.com"]
[Source "ChessBase"]
[SourceQuality "1"]
[WhiteTeam "Peru"]
[BlackTeam "Eritrea"]
[WhiteTeamCountry "PER"]
[BlackTeamCountry "ERI"]
[TimeControl "40/5400+30:1800+30"]

1. e4 d6 2. d4 Nf6 3. Nc3 c6 4. Nf3 Bg4 5. h3 Bh5 6. Bd3 e6 7. Bg5 Be7 8. g4 Bg6 9. Qe2 {White has an edge.} Nbd7 10. h4 (10. Qe3 $11 {keeps the balance.}) 10... h5 $1 $17 (10... Nxg4 $2 11. Bxe7 Qxe7 12. h5 $18) 11. Bxf6 Nxf6 (11... gxf6 $17 12. g5 fxg5 13. hxg5 Bxg5 14. Nxg5 Qxg5) 12. g5 $11 Nd7 13. O-O-O e5 14. dxe5 (14. Qe3 $14) 14... dxe5 $15 15. Qe1 Qc7 16. Bf1 Nc5 17. Bh3 O-O 18. Bf5 b5 19. Qe3 a5 20. Ne2 a4 21. Nd2 (21. Rd2 $11) 21... Ne6 22. Qh3 {Bxg6 is the strong threat.} Nf4 (22... Nd4 $15 23. Nxd4 exd4) 23. Nxf4 $14 exf4 24. Bxg6 fxg6 25. Qe6+ Kh7 {And now ...Bc5 would win.} 26. Nf3 Rad8 {Dodges Rd7} (26... Rae8 $1 $14) 27. Ne5 {White is more active.} (27. Rxd8 $1 $16 {Threatens to win with Rd7.} Rxd8 28. Ne5) 27... Rd6 28. Rxd6 Qxd6 29. Qxd6 Bxd6 30. Nxc6 {[%mdl 4096] Endgame. KRB-KRN} ({White should play} 30. Nd7 $16 Rd8 31. e5) 30... f3 $1 $11 31. Rh3 Rf4 32. Nd4 Bc5 33. Ne6 (33. Nxb5 $2 Bxf2 (33... Rxe4 34. Nc3 $11) 34. Rh1 Bxh4 $19 (34... Rxe4 $2 35. Kd2 $19)) (33. Rxf3 Rxe4 34. Nxb5 Rxh4 $15) 33... Be3+ 34. Kd1 $1 (34. fxe3 $2 f2 (34... Rxe4 $2 35. Nf8+ Kg8 36. Rxf3 $18) 35. Kd2 f1=Q $19 (35... f1=R $2 36. exf4 Kg8 37. b4 $18)) 34... Rxe4 (34... Rf7 $1 $11 35. Ke1 (35. fxe3 $2 f2 $17) 35... Ba7) 35. Rxf3 (35. fxe3 $18 Rxe6 36. Rxf3) 35... Rxe6 {This costs Black the game.} (35... Bd4 $16 36. Nf8+ Kg8) 36. Rxe3 {KR-KR} ({Don't take} 36. fxe3 Re4) 36... Rd6+ {[#]} 37. Rd3 $1 Rc6 38. Rd4 Rc5 39. b3 a3 $2 (39... axb3 40. axb3 Rc3) 40. b4 $18 {White is clearly winning.} Rc3 {[#]} 41. Rf4 {Prevents Rf3.} Rh3 42. c4 Rh1+ 43. Kc2 bxc4 44. Rxc4 ({Stronger than} 44. b5 Ra1 $11) 44... Re1 45. Kb3 Re2 46. Kxa3 {Weighted Error Value: White=0.25 (precise) /Black=0.43.  Loses game:     	---       	Black=2      Mistake:       	White=6     	Black=4      Inaccurate:     	White=1     	Black=3      OK:         	White=12    	Black=13     Best:        	White=3     	Black=1      Strong:       	White=2     	Black=2} 1-0

[Event "45th FIDE Olympiad 2024"]
[Site "Budapest"]
[Date "2024.09.11"]
[Round "1.211"]
[White "Lilay, Weldu Gebru"]
[Black "Fernandez Sanchez, Fernando Miguel"]
[Result "0-1"]
[ECO "B20"]
[WhiteElo "1977"]
[BlackElo "2399"]
[Annotator "ChessBase"]
[PlyCount "88"]
[EventDate "2024.09.05"]
[EventType "team-tourn"]
[EventCountry "HUN"]
[SourceTitle "playchess.com"]
[Source "ChessBase"]
[SourceQuality "1"]
[WhiteTeam "Eritrea"]
[BlackTeam "Peru"]
[WhiteTeamCountry "ERI"]
[BlackTeamCountry "PER"]
[TimeControl "40/5400+30:1800+30"]

1. e4 c5 2. Bc4 Nc6 3. Qh5 e6 4. c3 Nf6 5. Qe2 Nxe4 6. Nf3 d5 7. Bb3 Be7 8. d3 Nd6 9. Bf4 O-O 10. O-O f6 11. Re1 Nf7 12. h3 e5 13. Bh2 Re8 14. Nbd2 Bf8 15. a3 Be6 16. Bc2 Rc8 17. b3 b5 18. Bg3 Qd7 19. Rad1 a6 20. Nf1 g6 21. Kh2 Bg7 22. N1d2 f5 23. Kg1 Qe7 24. Nb1 e4 25. dxe4 dxe4 26. Nh2 Qf6 27. Nf1 c4 28. b4 Nce5 29. Bxe5 Nxe5 30. Rd6 Ra8 31. Qe3 Qe7 32. Qb6 Rab8 33. Qxa6 Bc8 34. Qxc8 Rexc8 35. Rd5 Qe6 36. Rd2 Rd8 37. a4 Rxd2 38. Nbxd2 Nd3 39. Re2 Bxc3 40. axb5 Rxb5 41. Ne3 Nf4 42. Kf1 Nxe2 43. Kxe2 Bxd2 44. Kxd2 Qd6+ 0-1

[Event "45th FIDE Olympiad 2024"]
[Site "Budapest"]
[Date "2024.09.11"]
[Round "1.212"]
[White "Delgado Romero, Marco"]
[Black "Samuel, Merhawi Gebrehiwet"]
[Result "1-0"]
[ECO "B62"]
[WhiteElo "2390"]
[BlackElo "1788"]
[Annotator "ChessBase"]
[PlyCount "57"]
[EventDate "2024.09.05"]
[EventType "team-tourn"]
[EventCountry "HUN"]
[SourceTitle "playchess.com"]
[Source "ChessBase"]
[SourceQuality "1"]
[WhiteTeam "Peru"]
[BlackTeam "Eritrea"]
[WhiteTeamCountry "PER"]
[BlackTeamCountry "ERI"]
[TimeControl "40/5400+30:1800+30"]

1. e4 c5 2. Nf3 Nc6 3. d4 cxd4 4. Nxd4 Nf6 5. Nc3 d6 6. Bg5 e6 7. Qd3 Be7 8. O-O-O a6 9. f4 Qc7 10. Qg3 Bd7 11. Be2 Rc8 12. Bf3 O-O 13. Rhe1 Ne8 14. Bxe7 Nxe7 15. Rd2 b5 16. e5 d5 17. f5 b4 18. Nce2 exf5 19. Nf4 Qa5 20. Kb1 Be6 21. Qg5 Nc6 22. Nfxe6 fxe6 23. Nxe6 Rf7 24. Rxd5 Qb6 25. Bh5 g6 26. Bxg6 hxg6 27. Qxg6+ Rg7 28. Nxg7 Nxg7 29. Rd7 1-0

[Event "45th FIDE Olympiad 2024"]
[Site "Budapest"]
[Date "2024.09.11"]
[Round "1.213"]
[White "Ferreira, Jorge Viterbo"]
[Black "Muhammed, Shuaau"]
[Result "1/2-1/2"]
[ECO "C95"]
[WhiteElo "2535"]
[BlackElo "2052"]
[Annotator "TA"]
[PlyCount "82"]
[EventDate "2024.09.05"]
[EventType "team-tourn"]
[EventCountry "HUN"]
[SourceTitle "playchess.com"]
[Source "ChessBase"]
[SourceQuality "1"]
[WhiteTeam "Portugal"]
[BlackTeam "Maldives"]
[WhiteTeamCountry "POR"]
[BlackTeamCountry "MDV"]
[TimeControl "40/5400+30:1800+30"]

1. e4 e5 2. Nf3 Nc6 3. Bb5 a6 4. Ba4 Nf6 5. O-O Be7 6. Re1 b5 7. Bb3 d6 8. c3 O-O 9. h3 Nb8 10. d4 Nbd7 11. Nbd2 Bb7 12. Bc2 Re8 13. Nf1 Bf8 14. Ng3 g6 15. Bd2 Bg7 16. Qc1 d5 17. Bg5 {Black should prevent Nxe5.} Qc8 18. dxe5 {The position is equal.} Nxe4 19. Bf4 Ndc5 20. Nf1 Ne6 21. Bh6 c5 22. Bxg7 Kxg7 23. N3h2 (23. Ne3 $1 $14 h5 24. Nxd5 Bxd5 (24... Nxf2 25. Nf6 $16) 25. Bxe4 Bxe4 26. Rxe4) 23... f5 $1 $11 24. h4 c4 25. Nf3 b4 26. cxb4 d4 {Black wants to play ...d3.} 27. Ba4 (27. Bxe4 $11 {keeps the balance.} fxe4 28. N3d2) 27... Rd8 $17 28. N3d2 (28. Bd1 $17 {is a better defense.}) 28... Nxd2 $19 29. Qxd2 {[#]} Bd5 $1 30. f3 Qb7 {[%mdl 1024] Black has strong compensation.} 31. Ng3 (31. a3 $142) 31... Rab8 32. a3 {[#]} a5 $1 33. b5 (33. Ne2 axb4) 33... Qb6 {aiming for ...d3+.} 34. Kh2 $2 (34. Rf1) 34... d3 35. Nf1 Qd4 36. Qxa5 (36. Rac1 $142) 36... Qxh4+ 37. Kg1 Ra8 38. Qb4 Qd4+ 39. Kh1 Qh4+ (39... Qf2 $142 40. Bd1 Rdb8) 40. Kg1 Qd4+ 41. Kh1 $1 Qh4+ $2 {Weighted Error Value: White=0.48/Black=0.71.  Mistake:       	White=6     	---        Inaccurate:     	White=1     	Black=3      OK:         	White=5     	Black=10     Best:        	White=2     	Black=1      Strong:       	White=1     	Black=2} ({Black should play} 41... Qf2 $19 42. Bd1 Rdb8) 1/2-1/2

[Event "45th FIDE Olympiad 2024"]
[Site "Budapest"]
[Date "2024.09.11"]
[Round "1.214"]
[White "Mohamed, Hassan"]
[Black "Galego, Luis"]
[Result "0-1"]
[ECO "A46"]
[WhiteElo "1880"]
[BlackElo "2444"]
[Annotator "TA"]
[PlyCount "100"]
[EventDate "2024.09.05"]
[EventType "team-tourn"]
[EventCountry "HUN"]
[SourceTitle "playchess.com"]
[Source "ChessBase"]
[SourceQuality "1"]
[WhiteTeam "Maldives"]
[BlackTeam "Portugal"]
[WhiteTeamCountry "MDV"]
[BlackTeamCountry "POR"]
[TimeControl "40/5400+30:1800+30"]

1. d4 Nf6 2. Nf3 d6 3. g3 Nbd7 4. Bg2 e5 5. dxe5 dxe5 6. O-O Bc5 7. Nc3 O-O 8. Na4 {With the idea Nxc5.} Bd6 9. c4 Qe7 {The position is equal.} 10. b3 Re8 11. e3 e4 12. Nd4 (12. Nd2 $15) 12... Ne5 $17 13. h3 {Dodges Bg4} a6 14. Nc3 (14. Bb2 $17) 14... c5 $19 15. Nde2 Nf3+ 16. Kh1 Be5 17. Qc2 Bf5 18. Nf4 (18. Bb2 $142) 18... Bxf4 19. exf4 (19. Bxf3 {is the only way for White.} Bxh3 (19... exf3 20. Qxf5 Qe5 21. Qxf4 $17) 20. Bg2 Bxg2+ 21. Kxg2) 19... Qe6 20. h4 Bh3 21. Nd1 $2 {[#]} (21. f5 Qxf5 (21... Bxf5 $2 22. Be3 $19) 22. Bg5) 21... Qg4 (21... Nh5 $142 {Threatens to win with ...Qg4.} 22. Ne3 Bxg2+ 23. Kxg2 Nxf4+ 24. gxf4 Qg6+ (24... Nxh4+ $2 25. Kg3 $19) 25. Kh3 Qh5) 22. Ne3 Bxg2+ 23. Kxg2 Nxh4+ 24. Kh2 Nf3+ 25. Kg2 Qe6 (25... Qg6 $19 {and Black stays clearly on top. ...Rad8 is the strong threat.} 26. Rb1 h5) 26. f5 $17 Qc6 {Black has more active pieces.} 27. Rd1 (27. Bb2 $17) 27... Rad8 $19 28. Bb2 Nd4 {A dynamic duo of knights.} 29. Qc3 h5 30. Rh1 Qc8 $2 (30... Nxf5 $19 31. Rae1 (31. Nxf5 $2 e3+ 32. f3 Rd2+ $19) 31... Rd3) 31. Rad1 {Repels Rd3} (31. Qc1 $17 {was worth a try.}) 31... Nxf5 32. Nd5 Nxd5 33. cxd5 e3 $2 (33... Nd4 $19 34. Rxh5 f6 (34... Qg4 $2 35. Rdh1 $19)) 34. Rxh5 $11 f6 35. Rdh1 $2 (35. Qd3 $11 {and White has nothing to worry.} g6 36. Rh3 (36. Rh6 Kg7 $15)) 35... exf2 36. Qf3 $2 (36. Qd3 Ne3+ 37. Kxf2 Ng4+ 38. Kg2) 36... Ne3+ $19 37. Kxf2 {[#] Hoping for Rh8+.} Qg4 $2 (37... Ng4+ $1 $19 38. Kf1 Re3) 38. Qxg4 ({Better is} 38. Re1 $15 Qxf3+ 39. Kxf3) 38... Nxg4+ 39. Kf3 Nh6 40. g4 ({Don't go for} 40. Bxf6 $2 Rf8 (40... gxf6 41. Rxh6 Rxd5 42. Rxf6 $11) 41. Rxh6 gxh6 42. Rxh6 Rd6 (42... Rxd5 $2 43. Ke4 $19) 43. Rh8+ Kf7 $19) (40. Rd1 $142) 40... Nf7 41. Rd1 Ng5+ 42. Kf2 Re4 43. Kg3 $2 (43. Bc1 {was called for.} g6 (43... Rxg4 $2 44. Bxg5 fxg5 45. d6 $19) 44. Rh6 Rxg4 45. Rxg6+ Kh7 46. Rxg5 fxg5 47. Be3) 43... Re3+ (43... Re2 $2 44. Bc1 Nf7 (44... Rxa2 45. Bxg5 fxg5 46. Rxg5 $19) 45. Rh2 $19) 44. Kf2 Rde8 45. Rd2 {Against Re2+} (45. Ba3 b6 (45... Rf3+ $2 46. Kg1 $19) 46. Bc1 Nh3+ 47. Rxh3 Rxh3 48. d6) 45... Nh3+ {Black is clearly winning.} 46. Rxh3 Rxh3 47. Kg2 {Wards off Rh2+} Ree3 48. g5 Rd3 49. Rc2 Rhg3+ 50. Kf2 Rxg5 {Weighted Error Value: White=0.79/Black=0.49.  Loses game:     	White=1     	---        Missed win:     	---       	Black=3      Mistake:       	White=12    	Black=2      Inaccurate:     	White=2     	Black=2      OK:         	White=11    	Black=15     Best:        	White=6     	Black=9} 0-1

[Event "45th FIDE Olympiad 2024"]
[Site "Budapest"]
[Date "2024.09.11"]
[Round "1.215"]
[White "Pereira, Ruben"]
[Black "Abdul Rahman, Ali"]
[Result "1-0"]
[ECO "C01"]
[WhiteElo "2457"]
[BlackElo "1844"]
[Annotator "TA"]
[PlyCount "95"]
[EventDate "2024.09.05"]
[EventType "team-tourn"]
[EventCountry "HUN"]
[SourceTitle "playchess.com"]
[Source "ChessBase"]
[SourceQuality "1"]
[WhiteTeam "Portugal"]
[BlackTeam "Maldives"]
[WhiteTeamCountry "POR"]
[BlackTeamCountry "MDV"]
[TimeControl "40/5400+30:1800+30"]

1. e4 e6 2. d4 d5 3. Nc3 Bb4 4. exd5 exd5 5. Bd3 Nf6 6. Nge2 O-O 7. O-O Re8 8. Ng3 Bg4 9. f3 Be6 10. Nce2 {The position is equal.} c6 11. Nf4 Nbd7 12. c3 Bd6 13. Nxe6 fxe6 14. f4 Qc7 15. Be3 a6 16. Nh5 b5 17. Nxf6+ Nxf6 18. Qf3 Qf7 19. h3 Nd7 20. Rae1 Nf8 21. Re2 Re7 22. Bd2 Rae8 23. Ref2 Rc7 {[#]} 24. a4 Ra7 (24... bxa4 $14 {should be considered.} 25. f5 (25. Bxa6 Rb8 $14) 25... Nd7) 25. Qg4 ({Better is} 25. b4 $16) 25... Nd7 $14 26. Qh4 Nf8 (26... Nf6 $14) 27. Rf3 (27. f5 $16 {Threatens to win with fxe6.} e5 28. Be2) 27... Kh8 ({Black should try} 27... Qe7 $14 28. Qh5 g6) 28. Qf2 (28. f5 $16 {Strongly threatening fxe6.} e5 29. dxe5 Bxe5 30. f6) 28... Rc7 (28... Nd7 $1 $14) 29. Be3 (29. Ra1 $16) 29... Nd7 30. axb5 axb5 31. Ra1 Rb7 32. Ra6 $40 {[%mdl 128] White attacks.} Nb8 {[#]} 33. Qh4 $1 g6 $1 34. Ra1 Be7 35. Qf2 {White is more active.} Bf6 36. h4 Qe7 (36... b4 $16 {was worth a try.}) 37. Rh3 $18 Rf8 (37... Nd7 $142 38. g4 (38. h5 gxh5 39. g4 Qg7 $16) 38... Kg8) 38. h5 g5 (38... gxh5 39. Rxh5 Qe8) 39. fxg5 Bg7 40. Rf3 Rxf3 41. Qxf3 Qf7 42. h6 Bf8 43. Bf4 {White threatens Be5+ and mate.} Kg8 {Black is weak on the dark squares} 44. Ra8 (44. Qg4 $142 Nd7 45. g6 hxg6 46. Bxg6) 44... Nd7 45. Qg4 {White mates.} Nb6 46. g6 hxg6 47. Bxg6 Qe7 48. Bf5+ {Weighted Error Value: White=0.16 (very precise) /Black=0.48.  Mistake:       	White=5     	Black=7      Inaccurate:     	White=3     	Black=6      OK:         	White=9     	Black=4      Best:        	White=1     	---        Strong:       	---       	Black=1} 1-0

[Event "45th FIDE Olympiad 2024"]
[Site "Budapest"]
[Date "2024.09.11"]
[Round "1.216"]
[White "Ibrahim, Imran Saeed"]
[Black "Barria Santos, Jose Guilherme"]
[Result "0-1"]
[ECO "B42"]
[WhiteElo "1697"]
[BlackElo "2411"]
[Annotator "ChessBase"]
[PlyCount "62"]
[EventDate "2024.09.05"]
[EventType "team-tourn"]
[EventCountry "HUN"]
[SourceTitle "playchess.com"]
[Source "ChessBase"]
[SourceQuality "1"]
[WhiteTeam "Maldives"]
[BlackTeam "Portugal"]
[WhiteTeamCountry "MDV"]
[BlackTeamCountry "POR"]
[TimeControl "40/5400+30:1800+30"]

1. e4 c5 2. Nf3 d6 3. d4 cxd4 4. Nxd4 Nf6 5. Nc3 a6 6. Bd3 e6 7. O-O Be7 8. a4 b6 9. Be3 Bb7 10. Qe2 Nbd7 11. f4 Nc5 12. Bf2 O-O 13. f5 e5 14. Nf3 Qc7 15. b4 Nxd3 16. Qxd3 Rac8 17. Ra3 d5 18. Nxd5 Bxd5 19. exd5 e4 20. Qxa6 exf3 21. Rxf3 Bxb4 22. Qb5 Bc5 23. Qb3 Ne4 24. Bxc5 Qxc5+ 25. Qe3 Nd2 26. Qxc5 Rxc5 27. Rd3 Nxf1 28. Kxf1 Rxc2 29. d6 Rd8 30. h3 Rc6 31. Re3 Rcxd6 0-1

[Event "45th FIDE Olympiad 2024"]
[Site "Budapest"]
[Date "2024.09.11"]
[Round "1.217"]
[White "Khan, Taffin"]
[Black "Krstulovic, Alex"]
[Result "0-1"]
[ECO "D11"]
[WhiteElo "2066"]
[BlackElo "2452"]
[Annotator "TA"]
[PlyCount "96"]
[EventDate "2024.09.05"]
[EventType "team-tourn"]
[EventCountry "HUN"]
[SourceTitle "playchess.com"]
[Source "ChessBase"]
[SourceQuality "1"]
[WhiteTeam "Guyana"]
[BlackTeam "Hungary C"]
[WhiteTeamCountry "GUY"]
[TimeControl "40/5400+30:1800+30"]

1. Nf3 d5 2. g3 Nf6 3. Bg2 c6 4. d4 Bf5 5. Nbd2 e6 6. O-O Nbd7 7. c4 Bd6 8. Qb3 Qb6 9. c5 Qxb3 {The position is equal.} 10. axb3 Bc7 11. Nh4 (11. b4 $11) 11... Bc2 $15 12. f4 O-O 13. Rf3 h6 14. Rc3 Bh7 15. Nhf3 b6 (15... a6 $15) 16. b4 $14 a5 17. Rca3 $1 Rac8 18. cxb6 (18. bxa5 $16 bxc5 19. dxc5 Nxc5 20. Nd4) 18... axb4 $15 19. b7 $1 Rb8 (19... bxa3 {simplifies} 20. bxc8=R Rxc8 21. Rxa3 Bd6) 20. Ra8 Rxb7 21. Ne5 {White is now going downhill.} ({White should play} 21. Rxf8+ $15 Kxf8 22. Nb3) 21... Nxe5 $17 22. fxe5 {[#]} Nd7 23. e4 (23. R8a7 $17 Rxa7 24. Rxa7) 23... Bb6 $19 24. Rxf8+ Kxf8 25. Ra8+ Ke7 26. Nb3 Nxe5 27. Bd2 Nd3 ({Don't take} 27... dxe4 28. Bxb4+ Kd7 29. Bf8 $19) 28. Bf1 Bxe4 ({Not} 28... Nxb2 29. Bxb4+ Kd7 30. exd5 cxd5 (30... exd5 31. Bf8 $17) 31. Bb5+ Kc7 32. Bf8 $17) 29. Bxd3 Bxd3 30. Bxb4+ {[#]} Kf6 $1 {[%cal Ob6d4] White must now prevent ...Bxd4+!} 31. Nc5 Bxc5 32. Bxc5 Rxb2 {[%mdl 4096] Endgame. KRB-KRB} 33. Ra3 Be4 34. h4 g5 35. hxg5+ hxg5 36. Bd6 Kf5 37. Ra7 f6 38. Rf7 Kg6 39. Re7 Rd2 40. Rxe6 Rxd4 41. Kf2 Rd2+ 42. Ke3 Rd3+ {Black is clearly winning.} 43. Ke2 Kf5 44. Re7 (44. Re8 $142) 44... Rc3 45. Kd2 Rc2+ 46. Kd1 Rg2 47. Re8 d4 48. Ke1 d3 {Weighted Error Value: White=0.46/Black=0.14 (very precise) .  Mistake:       	White=5     	Black=1      Inaccurate:     	White=1     	Black=2      OK:         	White=9     	Black=20     Best:        	White=1     	Black=2      Strong:       	White=2     	Black=1} 0-1

[Event "45th FIDE Olympiad 2024"]
[Site "Budapest"]
[Date "2024.09.11"]
[Round "1.218"]
[White "Juhasz, Agoston"]
[Black "Drayton, Anthony"]
[Result "1-0"]
[ECO "B30"]
[WhiteElo "2427"]
[BlackElo "1964"]
[Annotator "TA"]
[PlyCount "83"]
[EventDate "2024.09.05"]
[EventType "team-tourn"]
[EventCountry "HUN"]
[SourceTitle "playchess.com"]
[Source "ChessBase"]
[SourceQuality "1"]
[WhiteTeam "Hungary C"]
[BlackTeam "Guyana"]
[BlackTeamCountry "GUY"]
[TimeControl "40/5400+30:1800+30"]

1. e4 c5 2. Nf3 Nc6 3. Bb5 a6 4. Bxc6 bxc6 5. O-O d5 6. d3 Bg4 7. h3 Bh5 8. c4 e6 {White is slightly better.} 9. exd5 {Hoping for g4.} cxd5 10. cxd5 Bxf3 11. Qxf3 {[#] And now dxe6 would win.} Qxd5 12. Qxd5 exd5 13. Nc3 Ne7 14. b3 f6 15. Ba3 Rc8 16. Rac1 {White is more active.} c4 $2 {Black cannot hold the game after this.} (16... Kf7 $14) 17. Bxe7 $18 Bxe7 18. Nxd5 Ba3 19. Rce1+ Kf7 20. dxc4 Rhe8 21. g4 a5 22. Kg2 a4 (22... h5 $142 23. Rxe8 (23. gxh5 Rh8 $18) 23... Rxe8) 23. Rxe8 (23. bxa4 Rxe1 24. Rxe1 Rxc4 $16) 23... Rxe8 {[%mdl 4096] Endgame. KRB-KRN} 24. Kf3 {Against Re2} (24. bxa4 Ra8 25. Nb6 Ra7 $16) 24... h5 25. Rb1 (25. bxa4 Ra8 26. Nb6 (26. gxh5 Rxa4 27. Rb1 Rxc4 $18) 26... hxg4+ 27. hxg4 Ra5 $16) 25... hxg4+ 26. hxg4 axb3 27. axb3 ({Much less strong is} 27. Rxb3 Ra8 28. Rb7+ Kg8 $18) 27... Rh8 28. b4 Rh3+ 29. Ke2 Ke8 30. b5 {Black must now prevent b6.} Kd8 (30... Bd6 $142 31. b6 Rh8) 31. b6 Kc8 32. b7+ {White mates.} Kb8 {[#]} 33. Nc7 $1 Bd6 34. Na6+ Ka7 35. b8=Q+ Bxb8 36. Nxb8 {KRN-KR} Rc3 37. Rb4 g6 38. Kd2 Rf3 39. c5 Rxf2+ 40. Ke3 Rc2 41. Nc6+ Ka6 42. Rb6# {Weighted Error Value: White=0.10 (very precise) /Black=0.66.  Loses game:     	---       	Black=1      Mistake:       	---       	Black=2      Inaccurate:     	---       	Black=3      OK:         	White=10    	Black=7      Best:        	White=3     	---} 1-0

[Event "45th FIDE Olympiad 2024"]
[Site "Budapest"]
[Date "2024.09.11"]
[Round "1.219"]
[White "Nathoo, Loris"]
[Black "Karacsonyi, Gellert"]
[Result "0-1"]
[ECO "D02"]
[WhiteElo "1788"]
[BlackElo "2403"]
[Annotator "ChessBase"]
[PlyCount "86"]
[EventDate "2024.09.05"]
[EventType "team-tourn"]
[EventCountry "HUN"]
[SourceTitle "playchess.com"]
[Source "ChessBase"]
[SourceQuality "1"]
[WhiteTeam "Guyana"]
[BlackTeam "Hungary C"]
[WhiteTeamCountry "GUY"]
[TimeControl "40/5400+30:1800+30"]

1. d4 d5 2. Nf3 Nf6 3. Bf4 Bf5 4. e3 e6 5. Nbd2 Bd6 6. Ne5 Nbd7 7. Ndf3 O-O 8. Bd3 Bxd3 9. cxd3 Bb4+ 10. Kf1 c6 11. h3 a5 12. Qb3 Qb6 13. a3 Be7 14. Qc2 a4 15. g4 Nxe5 16. Nxe5 Rfc8 17. Qd2 Ra5 18. Kg2 Rb5 19. Rhb1 Rb3 20. Bh2 Qb5 21. Ra2 Bxa3 22. g5 Ne8 23. Qe2 Bd6 24. Rba1 Ra8 25. Rd1 Qb4 26. h4 Bxe5 27. Bxe5 Nd6 28. h5 Nf5 29. h6 Qe7 30. Rg1 Qxg5+ 31. Kf1 Qxh6 32. Qc2 Ra6 33. e4 f6 34. exf5 fxe5 35. fxe6 Qxe6 36. dxe5 Qxe5 37. Rg3 Qh5 38. Kg2 Rb4 39. Rxg7+ Kxg7 40. Qc3+ d4 41. Qxb4 Qd5+ 42. Kg1 c5 43. Qc4 Qf3 0-1

[Event "45th FIDE Olympiad 2024"]
[Site "Budapest"]
[Date "2024.09.11"]
[Round "1.220"]
[White "Vanczak, Tamas"]
[Black "Sandiford, Keron"]
[Result "1-0"]
[ECO "B12"]
[WhiteElo "2401"]
[BlackElo "1755"]
[Annotator "ChessBase"]
[PlyCount "59"]
[EventDate "2024.09.05"]
[EventType "team-tourn"]
[EventCountry "HUN"]
[SourceTitle "playchess.com"]
[Source "ChessBase"]
[SourceQuality "1"]
[WhiteTeam "Hungary C"]
[BlackTeam "Guyana"]
[BlackTeamCountry "GUY"]
[TimeControl "40/5400+30:1800+30"]

1. e4 c6 2. d4 d5 3. e5 c5 4. Nf3 Bg4 5. dxc5 e6 6. b4 a5 7. c3 Nd7 8. Bb5 Qc7 9. O-O axb4 10. cxb4 Ne7 11. Bb2 Nc6 12. a3 g6 13. Nbd2 Bg7 14. Qb3 Bxf3 15. Nxf3 Ndxe5 16. Nxe5 Bxe5 17. Bxe5 Qxe5 18. Rfe1 Qg5 19. Bxc6+ bxc6 20. b5 Qe7 21. Qc3 O-O 22. a4 cxb5 23. axb5 Qb7 24. Qb4 Rab8 25. Ra5 Rfc8 26. Qd4 Ra8 27. c6 Qc7 28. Rxa8 Rxa8 29. Rc1 Rb8 30. b6 1-0

[Event "45th FIDE Olympiad 2024"]
[Site "Budapest"]
[Date "2024.09.11"]
[Round "1.221"]
[White "Keinanen, Toivo"]
[Black "Mahamat, Hachim Bachar"]
[Result "1-0"]
[ECO "A07"]
[WhiteElo "2554"]
[BlackElo "1872"]
[Annotator "TA"]
[PlyCount "95"]
[EventDate "2024.09.05"]
[EventType "team-tourn"]
[EventCountry "HUN"]
[SourceTitle "playchess.com"]
[Source "ChessBase"]
[SourceQuality "1"]
[WhiteTeam "Finland"]
[BlackTeam "Chad"]
[WhiteTeamCountry "FIN"]
[BlackTeamCountry "CHD"]
[TimeControl "40/5400+30:1800+30"]

1. Nf3 e6 2. g3 d5 3. Bg2 Nf6 4. O-O Bc5 5. c4 c6 6. d4 Be7 7. Qc2 O-O 8. Nbd2 {White has an edge.} Re8 9. e4 dxe4 10. Nxe4 Nbd7 11. Rd1 Nxe4 12. Qxe4 Nf6 13. Qe2 h6 14. Bf4 Bd6 15. Ne5 Rb8 16. Rac1 Bc7 17. Rc2 {[%cal Og2c6] White has more active pieces.} g5 {This costs Black the game.} (17... Nd7 $16) 18. Be3 $18 Nd7 (18... Re7 {was called for.} 19. f4 Nh7) 19. f4 f6 20. Qh5 {[#] Qg6+ would kill now.} fxe5 $2 (20... Re7 21. Ng4 Qe8 22. Nxh6+ (22. Qxh6 f5 $18) 22... Kg7 23. Qxe8 Rxe8) 21. Qg6+ (21. dxe5 Qe7 $18) (21. Qxh6 exf4 22. Qg6+ Kh8 23. Qh6+ Kg8 24. Bxf4 (24. gxf4 Qf6 $11) (24. Qg6+ Kh8 $11) 24... Bxf4 (24... gxf4 25. Qg6+ Kf8 26. Qh6+ Kf7 27. Qh7+ Kf8 28. Qh8+ Kf7 29. Qh7+ Kf6 30. Qh6+ Kf7 31. Qh7+ $11) 25. Qg6+ Kf8 26. Qh6+ Kf7 27. Qh7+ (27. gxf4 $2 Rh8 $19) 27... Kf8 28. gxf4 g4 29. Qh6+ Kf7 30. Qh7+ Kf8 31. Qh6+ Kf7 32. Qh7+ Kf8 $11) 21... Kh8 22. Qxh6+ ({Less strong is} 22. fxe5 Re7 $16) 22... Kg8 23. fxe5 Re7 24. Bxg5 (24. Qxg5+ Rg7 25. Qh5 Rh7 $18) (24. Rf1 $142 Rg7 25. Be4 (25. Qxe6+ Kh8 $18)) 24... Qf8 25. Qxf8+ Kxf8 26. Bxe7+ Kxe7 27. c5 b6 {[#]} 28. b4 (28. Bxc6 bxc5 29. dxc5 Nxe5 $16) 28... Ba6 29. Bxc6 bxc5 30. bxc5 Bb5 $2 (30... Rd8 31. Bf3 Bb5) 31. Bxb5 Rxb5 32. h4 Rb8 33. Kg2 Rg8 34. Rb2 Nf8 (34... Nb8 $142 35. Rb7 Kd7 36. Rxa7 Rg7) 35. Rb7 Kd8 36. Rxa7 Kc8 37. Ra8+ Bb8 38. Rb1 {White mates.} Nd7 39. c6 Nb6 40. Rxb6 {KRR-KRB} Kc7 41. Rb3 Rg4 42. Raxb8 Rxd4 43. R8b4 Rd2+ 44. Kh3 Rxa2 45. Rc4 Re2 46. Rb7+ Kc8 47. Rg7 Ra2 48. h5 {Weighted Error Value: White=0.35/Black=0.41.  Mistake:       	---       	Black=5      Inaccurate:     	---       	Black=3      OK:         	White=13    	Black=3      Best:        	White=1     	Black=1} 1-0